AoeStats
← rkdestroyer

Golden Pit

509187852Analyzed
1v1 RM · 7d ago on Sep 25, 2026· 43m 58s· 2 players
Game mode
Random Map
Map size
Tiny (2 player)
Population
200
Speed
Normal
Resources
Standard
Victory
Conquest
Starting age
Dark Age
Ending age
Imperial Age
RankedLock teamsTeams togetherTeam positionsShared explorationLock speedFull tech treeHidden civsTurbo modeCheats
Victory
Defeat
🇮🇸 Hindustanis · Iceland
577
+14
🇦🇷 Inca · Argentina
537
-14
rkdestroyer
5:07 Loom
12:29 Feudal Age
20:20 Castle Age
18:50 Double-Bit Axe
20:21 Wheelbarrow
19:48 Stone Mining
25:16 Horse Collar
27:05 Wheelbarrow
28:12 Stone Shaft Mining
27:38 Heavy Plow
29:01 Heavy Plow
28:53 Gold Mining
29:19 Fletching
31:40 Bodkin Arrow
36:04 Murder Holes
42:00 Imperial Age
40:09 Gold Mining
40:31 Bow Saw
43:24 Hand Cart
44:03 Gold Shaft Mining
fridgeir27
13:21 Feudal Age
11:37 Loom
14:41 Wheelbarrow
13:56 Double-Bit Axe
14:10 Gold Mining
15:28 Stone Mining
17:12 Horse Collar
22:02 Castle Age
21:13 Forging
21:05 Scale Mail Armor
21:04 Fletching
23:29 Hand Cart
23:45 Bow Saw
24:50 Heavy Plow
25:38 Gold Shaft Mining
28:02 Iron Casting
27:44 Chain Mail Armor
27:25 Bodkin Arrow
38:29 Imperial Age
42:20 Blast Furnace
Connection lost

Rejoining the realm…

Still unreachable

The connection could not be restored.

Session expired

The server has moved on; the page needs a fresh start.